 Dungeon Crawl Stone Soup version 0.19-a0-1831-gd4c818f (webtiles) character file.

63 Geomchi the Conjurer (level 3, -2/19 HPs)
             Began as a Deep Elf Conjurer on Oct 8, 2016.
             Shot with a stone by a goblin (6 damage)
             ... led by Robin
             ... on level 2 of the Dungeon.
             The game lasted 00:01:37 (1173 turns).

Geomchi the Conjurer (Deep Elf Conjurer)            Turns: 1173, Time: 00:01:37

Health: -2/19      AC:  3    Str:  5    XL:     3   Next: 89%
Magic:  3/10       EV: 13    Int: 20    God:
Gold:   48         SH:  0    Dex: 15    Spells: 2 memorised, 7 levels left

rFire  . . .     SeeInvis .     d - +0 whip
rCold  . . .     Gourm    .     a - +0 robe
rNeg   . . .     Faith    .     (no shield)
rPois  .         Spirit   .     (no helmet)
rElec  .         Dismiss  .     (no cloak)
rCorr  .         Reflect  .     e - +0 pair of gloves
MR     .....     Harm     .     (no boots)
Stlth  ++........ Rnd*Tele +    (no amulet)
                                (no ring)
                                o - ring of teleportation (curse)

@: no status effects
A: no striking features
a: no special abilities


You were on level 2 of the Dungeon.
You were not hungry.

You visited 1 branch of the dungeon, and saw 2 of its levels.

You collected 48 gold pieces.

Inventory:

Hand Weapons
 d - a +0 whip (weapon)
Armour
 a - a +0 robe (worn)
 e - a +0 pair of gloves (worn)
Jewellery
 m - a cursed amulet of inaccuracy {unknown}
 o - a cursed ring of teleportation (left hand)
Scrolls
 i - 3 scrolls of amnesia {unknown}
Potions
 g - a potion of flight {unknown}
 h - a potion of mutation {unknown}
 k - 2 potions of cure mutation {unknown}
Books
 b - a book of Conjurations

   Spells                             Type                      Level
   a - Magic Dart                     Conjuration                  1
   b - Searing Ray                    Conjuration                  2
   c - Dazzling Spray                 Conjuration/Hexes            3
   d - Fulminant Prism                Conjuration/Hexes            4
   e - Iskenderun's Mystic Blast      Conjuration                  4
   f - Iskenderun's Battlesphere      Conjuration/Charms           5
 n - a book of Maledictions

   Spells                             Type                      Level
   a - Corona                         Hexes                        1
   b - Ensorcelled Hibernation        Hexes/Ice                    2
   c - Confuse                        Hexes                        3
   d - Tukima's Dance                 Hexes                        3
   e - Dazzling Spray                 Conjuration/Hexes            3
Comestibles
 c - 2 bread rations {@e1}
 f - a chunk of flesh {@w0}
 j - 5 fruits
 l - a meat ration {@e2}


   Skills:
 - Level 2.4 Dodging
 - Level 2.4 Stealth
 + Level 4.1 Spellcasting
 * Level 5.5 Conjurations


You had 7 spell levels left.
You knew the following spells:

 Your Spells              Type           Power        Failure   Level  Hunger
a - Magic Dart            Conj           ####         1%          1    None
b - Searing Ray           Conj           ####..       1%          2    #......


Dungeon Overview and Level Annotations

Branches:
Dungeon (2/15)

Altars:


Message History

Aim: a hobgoblin (almost dead)
The magic dart hits the hobgoblin.
You kill the hobgoblin!
The hobgoblin barely misses you.
The goblin shoots a stone.
The stone closely misses you.
You now have 2/10 mp.
The goblin shoots a stone.
The stone misses you.
There is an open door, spattered with blood here.
You see here a hobgoblin corpse.
The goblin shoots a stone.
The stone hits you!
* * * LOW HITPOINT WARNING * * *
You see here a stone.
You take 7 damage, and have 3/19 hp.
MASSIVE DAMAGE!!
The goblin shoots a stone.
The stone barely misses you.
There is an open door here.
You see here a stone.
The goblin shoots a stone.
The stone misses you.
You see here a stone.
The goblin shoots a stone.
The stone hits you.
You die...

#...................#
#...................#
....................#
............g.......#
........#######....##
..#.........# #....##### .
#.........###..g.....##.#
..'.........†g((..........)
###......((.###g@..###.####
#.........# ####.# #
################g#
#######......#
#######.........).##
#...g.'...........#
#.#####).......g..# #.#
#.....gg)...# #.#
#.....g.....#


You could see 2 hobgoblins and a goblin.

Vanquished Creatures
  Robin (D:2)
  An adder (D:2)
  A dart slug (D:2)
  A leopard gecko (D:2)
  9 bats
  A giant cockroach (D:2)
  11 goblins
  3 hobgoblins (D:2)
  2 frilled lizards
  5 kobolds
  4 rats (D:2)
39 creatures vanquished.

Notes
Turn   | Place    | Note
-------+----------+-------------------------------------------
     0 | D:1      | Geomchi the Deep Elf Conjurer began the quest for the Orb.
     0 | D:1      | Reached XP level 1. HP: 10/10 MP: 6/6
   255 | D:1      | Reached XP level 2. HP: 15/15 MP: 6/8
   259 | D:1      | Learned a level 2 spell: Searing Ray
   599 | D:1      | Reached skill level 5 in Conjurations
   917 | D:2      | Noticed Robin
   935 | D:2      | Reached XP level 3. HP: 13/19 MP: 6/10
  1143 | D:2      | Killed Robin
  1173 | D:2      | Shot with a stone by a goblin

Vault maps used:
D:1:      lightli_arrival_lavapool
D:2:      uniq_robin, uniq_terence

Skill      XL: |  1  2  3 |
---------------+----------+-----
Conjurations   | 5 |  5.5
Spellcasting   | 4 |  4.1
Dodging        | |  2.4
Stealth        | |  2.4

Action                   || total
-------------------------++-------
Melee: Whip              ||     1
 Cast: Magic Dart        ||    75
  Use: Scroll            ||     2
  Eat: Chunk             ||     1
Armor: Robe              ||     1
Dodge: Dodged            ||    16
